 Dungeon Crawl Stone Soup version 0.30.0-15-g856e2d3f33 (webtiles) character file.

Game seed: 15831168484048967941

207 qw the Chopper (level 5, 0/32 HPs)
             Began as a Gargoyle Fighter on May 20, 2023.
             Killed from afar by an oklob plant (16 damage)
             ... with a splash of acid
             ... on level 3 of the Dungeon.
             The game lasted 00:00:54 (2027 turns).

qw the Chopper (Gargoyle Fighter)                   Turns: 2027, Time: 00:00:55

Health: 0/32       AC:  9    Str: 21    XL:     5   Next: 85%
Magic:  5/5        EV:  7    Int:  9    God:
Gold:   142        SH:  4    Dex:  9    Spells: 4/4 levels left

rFire   . . .        Y - +1 war axe
rCold   . . .        c - +0 buckler
rNeg    + . .        g - +0 chain mail
rPois   inf          (no helmet)
rElec   +            (no cloak)
rCorr   .            (no gloves)
SInv    .            (no boots)
Will    .....        l - amulet of the acrobat Stlth
                     (no ring)
HPRegen 0.25/turn    (no ring)
MPRegen 0.09/turn

%: acrobat
@: corroded
A: sickness immunity, AC +4, negative energy resistance 1, electricity
resistance, torment resistance 1, petrification resistance
a: no special abilities


You were on level 3 of the Dungeon.
You visited 1 branch of the dungeon, and saw 3 of its levels.

You collected 142 gold pieces.


Innate Abilities, Weirdness & Mutations

You are immune to sickness and miasma.
Your stone body is resilient. (AC +4)
You are immune to poison.
You resist negative energy. (rN+)
You are resistant to electric shocks. (rElec)
You are resistant to unholy torment.
You are immune to petrification.


   Skills:
 + Level 3.4 Fighting
 - Level 5.3 Axes
 - Level 3.2 Armour
 - Level 3.2 Shields


You had 4 spell levels left.
You didn't know any spells.
Your spell library was empty.

Inventory:

Hand Weapons
 k - a +0 whip
 Y - a +1 war axe (weapon)
Armour
 b - a +0 pair of gloves
 c - a +0 buckler (worn)
 g - a +0 chain mail (worn)
Jewellery
 h - a ring of wizardry
 l - an amulet of the acrobat (around neck)
Scrolls
 f - 2 scrolls of poison {unknown}
 i - a scroll of identify
Potions
 a - a potion of heal wounds {unknown}
 d - a potion of might
 e - a potion of curing
 j - a potion of mutation {unknown}
 n - a potion of flight {unknown}

Dungeon Overview and Level Annotations

Branches:
Dungeon (3/15)

Altars:
Fedhas

Shops:
D:3 =


Message History

You hit the plant.
The plant begins to die.
The plant is lightly damaged.
You hit the plant.
The plant begins to die.
You hit the plant.
The plant begins to die.
You slash the plant!
The plant is lightly damaged.
You hit the plant. You slash the plant! You hit the plant.
The plant is lightly damaged.
You hit the plant. x2
You hit the plant.
The plant is lightly damaged.
You hit the plant. You slash the plant!
A nearby plant withers and dies. x3
The oklob plant spits acid at you. The splash of acid hits you!
The acid corrodes you! The oklob plant spits acid at you.
The splash of acid misses you.
You hit the oklob plant but do no damage.
You hit the fungus.
The fungus begins to die.
You hit the oklob plant.
The oklob plant is lightly damaged.
You slash the fungus!
You hit the oklob plant but do no damage.
The oklob plant is lightly damaged.
You hit the fungus.
You hit the oklob plant but do no damage.
The oklob plant is lightly damaged.
You slash the fungus!
A nearby fungus withers and dies.
The oklob plant spits acid at you. The splash of acid hits you!
You hit the oklob plant.
The oklob plant is lightly damaged.
You slash the oklob plant!
The oklob plant is lightly damaged.
The oklob plant spits acid at you. The splash of acid hits you!
Ouch! That really hurt!
You die...

##PPP.~~~~...~~~~.##
#PPPP......_.~~~~...
#PP#P.~~~~...~~~~.##
#PP..~~~~~~~~~~~.PP
##.PP..~~~~~~~~~..P.
#PPPPP..~~~~~~~..###
#P..P....~~~~~..#PPP
#P.............PPPPP
##.@.......PPPP#P#P#


#PP..PPPP.PPP.#P###P #PPP.PPP##PPP.P## # #PPP##P#.PP.PP#.P ##################
You could see an oklob plant.

Vanquished Creatures
  Sigmund (D:3)
  A worm (D:2)
  2 dart slugs
  2 endoplasms
  A giant cockroach (D:2)
  2 hobgoblins
  7 quokkas
  5 ball pythons
  2 bats
  2 frilled lizards
  4 goblins
  5 kobolds
  4 rats
38 creatures vanquished.

Notes
Turn   | Place    | Note
-------+----------+-------------------------------------------
     0 | D:1      | qw the Gargoyle Fighter began the quest for the Orb.
     0 | D:1      | Reached XP level 1. HP: 14/14 MP: 1/1
     0 | D:1      | 0 ||| qw: Version: 0.2-a-97-g499787f
     0 | D:1      | 0 ||| qw: Game counter: 64
     0 | D:1      | 0 ||| qw: Always use a shield: true
     0 | D:1      | 0 ||| qw: God list: Okawaru
     0 | D:1      | 0 ||| qw: Allow faded altars: false
     0 | D:1      | 0 ||| qw: Do Orc after D:15 true
     0 | D:1      | 0 ||| qw: Do second Lair branch before Depths: true
     0 | D:1      | 0 ||| qw: Lair rune preference: random
     0 | D:1      | 0 ||| qw: Plans: Normal, Zot:1-4, God:TSO, Crypt, Tomb,
                  | Pan, Slime:5, Hells, Abyss, Win
     0 | D:1      | 0 ||| PLANNING D:1-11
    49 | D:1      | Reached skill level 2 in Axes
   173 | D:1      | Reached XP level 2. HP: 19/19 MP: 2/2
   582 | D:1      | 582 ||| UPGRADING to +0 chain mail.
   592 | D:1      | 592 ||| DROPPING +0 scale mail.
   593 | D:1      | 593 ||| DROPPING orb of guile.
   594 | D:1      | 594 ||| UPGRADING to amulet of the acrobat.
   599 | D:1      | 599 ||| READING scroll labelled OTROGGI QIRON.
   600 | D:1      | 600 ||| READING 2 scrolls labelled QURUCZ KOBIXAU.
   601 | D:1      | 601 ||| READING scroll labelled TUENIRIGUF.
   602 | D:1      | 602 ||| DRINKING 2 metallic white potions.
   726 | D:2      | 726 ||| Stepping ~*~*~tactically~*~*~ (hiding).
   740 | D:2      | Reached skill level 3 in Axes
   745 | D:2      | Reached XP level 3. HP: 6/23 MP: 3/3
  1054 | D:2      | 1054 ||| Stepping ~*~*~tactically~*~*~ (stealth).
  1286 | D:2      | 1286 ||| READING 3 scrolls labelled UCYFIS UFUE.
  1287 | D:2      | 1287 ||| READING scroll labelled DOAZUCLEUF.
  1288 | D:2      | 1288 ||| READING 3 scrolls of identify.
  1288 | D:2      | 1288 ||| IDENTIFYING black potion
  1289 | D:2      | 1289 ||| READING 2 scrolls of identify.
  1289 | D:2      | 1289 ||| IDENTIFYING pink potion
  1290 | D:2      | 1290 ||| DROPPING 2 scrolls of fear.
  1291 | D:2      | 1291 ||| DROPPING potion of magic.
  1292 | D:2      | 1292 ||| DROPPING potion of brilliance.
  1397 | D:3      | Noticed Sigmund
  1398 | D:3      | 1398 ||| Stepping ~*~*~tactically~*~*~ (hiding).
  1409 | D:3      | 1409 ||| DRINKING 2 potions of curing.
  1409 | D:3      | 1409 ||| (to cure confusion)
  1422 | D:3      | Killed Sigmund
  1423 | D:3      | Reached skill level 5 in Axes
  1423 | D:3      | Reached XP level 4. HP: 18/28 MP: 4/4
  1423 | D:3      | Reached XP level 5. HP: 21/32 MP: 5/5
  1479 | D:3      | 1479 ||| DROPPING +1 hand axe of freezing.
  1493 | D:3      | 1493 ||| Stepping ~*~*~tactically~*~*~ (hiding).
  1930 | D:3      | Found Marudd's Jewellery Shop.
  1935 | D:3      | 1935 ||| SHOPLISTING +5 ring of evasion (396 gold, have
                  | 142).
  1935 | D:3      | 1935 ||| SHOPLISTING ring of fire (275 gold, have 142).
  1935 | D:3      | 1935 ||| SHOPLISTING ring of resist corrosion (220 gold,
                  | have 142).
  1935 | D:3      | 1935 ||| SHOPLISTING ring of the Skies Above {rPois rC+
                  | Stlth+} (429 gold, have 142).
  1970 | D:3      | 1970 ||| DROPPING +0 club.
  1989 | D:3      | Found a blossoming altar of Fedhas.
  2002 | D:3      | Noticed an oklob plant
  2027 | D:3      | Killed from afar by an oklob plant

Levels and vault maps discovered:
D:1:      minmay_arrival_cross, layout_basic
D:2:      layout_basic
D:3:      layout_loops_cross, tgw_fedhas, serial_shops,
          nicolae_shop_rolling_square, minmay_strange_pillars,
          minmay_misc_feat_alley, uniq_sigmund

Skill      XL: |  1  2  3 |
---------------+----------+-----
Axes           | 2 3 5 |  5.3
Fighting       | |  3.4
Armour         | |  3.2
Shields        | |  3.2

Action                     |  1- 3 |  4- 6 || total
---------------------------+-------+-------++-------
  Melee: War axe           |   116 |    26 ||   142
    Use: Scroll            |     7 |       ||     7
         Potion            |     2 |       ||     2
 Armour: Scale mail        |    25 |       ||    25
         Chain mail        |    34 |     1 ||    35
  Dodge: Dodged            |    31 |     1 ||    32
  Block: Buckler           |    25 |     1 ||    26

Table legend:
 A = Non-vault XP
 B = Vault XP
 C = Vault XP percentage of total XP
 D = Non-vault monster count
 E = Vault monster count
 F = Vault count percentage of total count
                 A         B        C        D         E       F
            +---------+---------+-------+---------+---------+-------
      Total |      66 |     231 |  77.8 |      37 |       1 |   2.6
            +---------+---------+-------+---------+---------+-------
        D:1 |      23 |       0 |   0.0 |      15 |       0 |   0.0
        D:2 |      29 |       0 |   0.0 |      15 |       0 |   0.0
        D:3 |      14 |     231 |  94.3 |       7 |       1 |  12.5
            +---------+---------+-------+---------+---------+-------
